 Dungeon Crawl Stone Soup version 0.26.1-11-gd32895ea62 (webtiles) character file.

Game seed: 5918986899411875824

27463 MisterFreud the Grappler (level 13, -3/177 HPs)
             Began as a Troll Monk on May 19, 2021.
             Splashed by an acid blob's acid (4 damage)
             ... on level 1 of the Pits of Slime.
             The game lasted 00:27:21 (12583 turns).

MisterFreud the Grappler (Troll Monk)              Turns: 12583, Time: 00:27:21

Health: -3/177     AC: 18    Str: 22    XL:     13   Next: 4%
Magic:  0/12       EV:  5    Int:  6    God:
Gold:   180        SH: 12    Dex: 22    Spells: 12/12 levels left

rFire    + . .     SeeInvis .     - Unarmed
rCold    + + .     Faith    .   J - +0 kite shield
rNeg     . . .     Spirit   +   s - +2 gold dragon scales
rPois    +         Reflect  .   (helmet restricted)
rElec    .         Harm     .   y - +2 cloak
rCorr    .         Rampage  .   (gloves unavailable)
Will     .....                  (boots unavailable)
Stlth    ..........             g - amulet of guardian spirit
HPRegen  0.79/turn              C - +6 ring of dexterity
MPRegen  0.13/turn              G - ring of protection from cold

@: berserking, corroded, very quick
A: large, unfitting armour, claws 3, regeneration 1, shaggy fur 1, tough skin 3
a: no special abilities


You were on level 1 of the Pits of Slime.
You visited 4 branches of the dungeon, and saw 23 of its levels.

You collected 1004 gold pieces.
You spent 824 gold pieces at shops.

Inventory:

Missiles
 l - 4 large rocks (quivered)
 z - 10 boomerangs
 M - 4 javelins
 N - 5 silver boomerangs
Armour
 k - a scarf of resistance
 s - +2 gold dragon scales (worn)
 y - a +2 cloak (worn)
 J - a +0 kite shield (worn)
 L - +0 steam dragon scales
Jewellery
 a - an uncursed ring of stealth
 g - an amulet of guardian spirit (around neck)
 C - a +6 ring of dexterity (left claw)
 G - a ring of protection from cold (right claw)
 K - an uncursed ring of poison resistance
Wands
 D - a wand of random effects (35)
 E - a wand of flame (13)
 F - a wand of polymorph (11)
 I - a wand of paralysis (12)
 O - a wand of iceblast (14)
Scrolls
 f - a scroll of magic mapping
 i - 3 scrolls of immolation
 m - 8 scrolls of teleportation
 p - a scroll of identify
 r - 11 scrolls of remove curse
 t - 3 scrolls of fear
 v - a scroll of blinking
 w - 4 scrolls of fog
 B - 3 scrolls of amnesia
 T - a scroll of torment
Potions
 b - 2 potions of cancellation
 c - 5 potions of mutation
 d - 9 potions of ambrosia
 e - 2 potions of haste
 h - 8 potions of curing
 j - 5 potions of flight
 o - 3 potions of heal wounds
 q - 2 potions of invisibility
 u - a potion of resistance
 x - 2 potions of attraction
 A - 2 potions of might
 Q - 2 potions of brilliance
 S - 2 potions of magic
Miscellaneous
 H - a phantom mirror
 P - a lightning rod (4/4)
 R - a phantom mirror


   Skills:
 - Level 5.0 Fighting
 - Level 8.0 Throwing
 * Level 9.5 Armour
 - Level 5.0 Dodging
 - Level 1.0 Stealth
 - Level 9.0 Shields
 + Level 11.8 Unarmed Combat


You had 12 spell levels left.
You didn't know any spells.
Your spell library contained the following spells:

 Spells                   Type           Power        Failure   Level
 Animate Skeleton         Necr           0%           100%        1
 Apportation              Tloc           0%           100%        1
 Corona                   Hex            0%           100%        1
 Magic Dart               Conj           0%           100%        1
 Summon Small Mammal      Summ           0%           100%        1
 Blink                    Tloc           N/A          100%        2
 Call Imp                 Summ           0%           100%        2
 Ensorcelled Hibernation  Hex/Ice        0%           100%        2
 Slow                     Hex            0%           100%        2
 Confusing Touch          Hex            0%           100%        3
 Conjure Flame            Conj/Fire      0%           100%        3
 Dazzling Flash           Conj/Hex       0%           100%        3
 Mephitic Cloud           Conj/Pois/Air  0%           100%        3
 Tukima's Dance           Hex            0%           100%        3


Dungeon Overview and Level Annotations

Branches:
Dungeon (13/15)            Temple (1/1) D:4            Lair (6/6) D:9
  Slime (3/5) Lair:6          Orc (0/2) D:12         Vaults (0/5) D:13
  Swamp: Lair:2-4    Shoals: Lair:2-4     Snake: Lair:2-4    Spider: Lair:2-4

Altars:
Ashenzari
Dithmenos
Elyvilon
Fedhas
Gozag
Hepliaklqana
Kikubaaqudgha
Nemelex Xobeh
Ru
Trog
Wu Jian
Yredelemnul
The Shining One

Shops:
D:5 [   D:6 *[

Portals:
Bazaar: D:12

Annotations:
D:11 Harold


Innate Abilities, Weirdness & Mutations

You are too large for most types of armour.
You have claws for hands.
Your natural rate of healing is unusually fast.
You are covered in fur. (AC +1)
You have extremely tough skin. (AC +3)


Message History

The acid blob is lightly wounded.
Aiming: Paralyse
Press: ? - help, Shift-Dir - straight line, f - acid blob
Aim: an acid blob (lightly wounded, chance to affect: 0%)
Okay, then.
Unknown command.
A red film seems to cover your vision as you go berserk!
You feel yourself moving faster!
You feel mighty! The acid blob spits acid at you.
The splash of acid hits you but does no damage.
The acid corrodes you!
You are splashed with acid!
* * * LOW HITPOINT WARNING * * *
The acid blob spits acid at you. The splash of acid hits you.
* * * LOW HITPOINT WARNING * * *
You are splashed with acid!
* * * LOW HITPOINT WARNING * * *
Unknown command.
You claw the acid blob!
Your claws burn!
You die...

...............
......#........
...............
...............
. #............
#.##...........
.......>.......
#.#............
.......@.......
.......J.......
..........^#...
##.........# ..
#........## .
#.....#.##.
##....... ..
###.#... .#. #.
..# ..


You could see an acid blob.

Vanquished Creatures
  A death ooze (Slime:1)
  Erolcha (D:10)
  2 hydras (Lair:6)
  Erica (D:10)
  2 two-headed ogres
  Nergalle (D:9)
  Pikel (D:7)
  A cyclops (D:11)
  2 ugly things (D:10)
  10 elephants
  A black mamba (Lair:6)
  Maggie (D:7)
  5 cane toads
  Psyche (D:9)
  4 komodo dragons
  A polar bear (Lair:3)
  A queen bee (Lair:1)
  4 blink frogs (Lair:6)
  Prince Ribbit (D:6)
  A slime creature (Slime:1)
  6 dream sheep (Lair:6)
  14 yaks
  2 wyverns
  2 basilisks
  Menkaure (D:5)
  Duvessa (D:5)
  Edmund (D:5)
  12 water moccasins
  7 orc warriors
  A black bear (Lair:3)
  An eye of draining (Slime:1)
  4 sky beasts
  3 ice beasts
  4 ogres
  4 wolves (Lair:6)
  A centaur (D:6)
  A lemure (D:7)
  6 bullfrogs
  A big kobold (D:7)
  A scorpion (D:9)
  Dowan (D:5)
  32 killer bees
  11 wights
  8 howler monkeys
  A bullfrog zombie (D:12)
  3 hounds
  A bullfrog skeleton (D:7)
  12 jellies
  6 orc priests
  2 centaur skeletons
  3 iguanas
  22 orc wizards
  9 worker ants
  2 killer bee zombies (D:10)
  A howler monkey zombie (D:2)
  A worker ant zombie (D:11)
  7 gnolls
  7 adders
  2 shadow imps
  A white imp (D:9)
  An ooze (Lair:6)
  3 adder zombies
  4 adder skeletons
  2 worms
  A dart slug (D:1)
  4 leopard geckos
  51 orcs
  6 ball pythons
  2 bat skeletons (D:2)
  A bat zombie (D:2)
  A giant cockroach (D:4)
  6 goblins
  5 hobgoblins
  10 jackals
  18 kobolds
  5 quokkas
  12 bats
  4 frilled lizards
  2 giant cockroach zombies (D:2)
  A jackal zombie (D:5)
  A leopard gecko skeleton (D:7)
  A quokka skeleton (D:2)
  6 rats
394 creatures vanquished.

Vanquished Creatures (others)
  17 fungi
  18 plants
35 creatures vanquished.

Grand Total: 429 creatures vanquished

Notes
Turn   | Place    | Note
-------+----------+-------------------------------------------
     0 | D:1      | MisterFreud the Troll Monk began the quest for the Orb.
     0 | D:1      | Reached XP level 1. HP: 22/22 MP: 0/0
    20 | D:1      | You fall into a shaft and drop 1 floor!
    87 | D:2      | Reached XP level 2. HP: 29/29 MP: 1/1
   164 | D:2      | Reached skill level 4 in Unarmed Combat
   204 | D:2      | Reached XP level 3. HP: 36/36 MP: 2/2
   877 | D:1      | Reached XP level 4. HP: 44/44 MP: 3/3
  1033 | D:1      | Reached skill level 5 in Unarmed Combat
  1533 | D:2      | You fall into a shaft and drop 2 floors!
  1679 | D:4      | Reached XP level 5. HP: 30/50 MP: 1/4
  1727 | D:4      | Reached skill level 6 in Unarmed Combat
  2010 | D:3      | Reached XP level 6. HP: 59/59 MP: 5/5
  2250 | D:3      | Reached skill level 7 in Unarmed Combat
  2586 | D:3      | Found a faded altar of an unknown god.
  2782 | D:4      | Found a staircase to the Ecumenical Temple.
  2827 | Temple   | Entered the Ecumenical Temple
  2930 | D:4      | Reached skill level 1 in Throwing
  3060 | D:4      | Reached XP level 7. HP: 66/66 MP: 6/6
  3593 | D:5      | Entered Level 5 of the Dungeon
  3712 | D:5      | Noticed Menkaure
  3715 | D:5      | Killed Menkaure
  3716 | D:5      | Reached skill level 8 in Unarmed Combat
  4042 | D:5      | Noticed Duvessa
  4042 | D:5      | Noticed Dowan
  4050 | D:5      | Killed Dowan
  4064 | D:5      | Killed Duvessa
  4161 | D:5      | Noticed Edmund
  4168 | D:5      | Killed Edmund
  4169 | D:5      | Reached XP level 8. HP: 60/75 MP: 5/7
  4427 | D:5      | Found Wutyn's Antique Armour Emporium.
  4500 | D:6      | Noticed Prince Ribbit
  4515 | D:6      | Killed Prince Ribbit
  4563 | D:6      | Found a blossoming altar of Fedhas.
  4960 | D:6      | Reached skill level 5 in Fighting
  4960 | D:6      | Reached skill level 5 in Dodging
  5173 | D:6      | Found Joecian's Lightly-Used Armoury.
  5510 | D:6      | Found Guigamn's Armour Boutique.
  5521 | D:6      | Bought a +0 kite shield for 54 gold pieces
  5575 | D:7      | Reached XP level 9. HP: 88/88 MP: 8/8
  5734 | D:7      | Noticed Pikel
  5832 | D:7      | Reached skill level 1 in Shields
  6010 | D:7      | Reached skill level 5 in Throwing
  6387 | D:7      | Noticed Maggie
  6404 | D:7      | Killed Maggie
  6405 | D:7      | Reached skill level 9 in Unarmed Combat
  6576 | D:7      | Killed Pikel
  6577 | D:7      | Reached skill level 1 in Armour
  7253 | D:8      | Reached XP level 10. HP: 84/96 MP: 9/9
  7649 | D:9      | Noticed Psyche
  7752 | D:9      | Killed Psyche
  7800 | D:9      | Reached skill level 5 in Shields
  7911 | D:9      | Found a staircase to the Lair.
  8250 | D:10     | Entered Level 10 of the Dungeon
  8331 | D:10     | Noticed a purple ugly thing
  8351 | D:10     | Killed a purple ugly thing
  8453 | D:10     | Noticed Erolcha
  8498 | D:10     | Noticed Erica
  8505 | D:10     | Noticed a cyan ugly thing
  8515 | D:10     | Killed Erica
  8663 | D:10     | Noticed Nergalle
  8711 | D:9      | Killed Nergalle
  8908 | D:10     | Killed Erolcha
  8909 | D:10     | Reached skill level 10 in Unarmed Combat
  8909 | D:10     | Reached XP level 11. HP: 77/102 MP: 8/10
  9262 | D:10     | Killed a cyan ugly thing
  9349 | D:10     | You fall into a shaft and drop 3 floors!
  9350 | D:13     | Noticed a brown ugly thing
  9378 | D:13     | Found a gate to the Vaults.
  9378 | D:13     | Noticed a vault guard
  9378 | D:13     | Noticed a vault guard
  9378 | D:13     | Noticed a vault guard
  9379 | D:13     | Noticed a vault guard
  9379 | D:13     | Noticed a vault guard
  9379 | D:13     | Noticed a vault guard
  9379 | D:13     | Noticed a vault guard
  9379 | D:13     | Noticed a vault guard
  9395 | D:13     | Noticed a necromancer
  9395 | D:13     | Noticed a boulder beetle
  9402 | D:13     | Noticed a white ugly thing
  9402 | D:13     | Noticed a harpy
  9402 | D:13     | Noticed a fire dragon
  9405 | D:13     | Noticed a cyan ugly thing
  9535 | D:12     | Reached skill level 5 in Armour
  9614 | D:12     | Found a sparkling altar of Nemelex Xobeh.
  9792 | D:12     | Found a gateway to a bazaar.
  9884 | D:12     | Noticed a two-headed ogre
  9893 | D:12     | Killed a two-headed ogre
  9902 | D:11     | Noticed Harold
 10031 | D:11     | Noticed a two-headed ogre
 10132 | D:11     | Killed a two-headed ogre
 10254 | D:10     | Noticed a four-headed hydra
 10370 | D:6      | Bought -2 gold dragon scales for 770 gold pieces
 10448 | Lair:1   | Entered Level 1 of the Lair of Beasts
 11634 | Lair:3   | Reached XP level 12. HP: 107/111 MP: 11/11
 11916 | Lair:6   | Entered Level 6 of the Lair of Beasts
 11929 | Lair:6   | Noticed an eight-headed hydra
 11951 | Lair:6   | Killed a nine-headed hydra
 11952 | Lair:6   | Reached skill level 11 in Unarmed Combat
 11990 | Lair:6   | Noticed an eight-headed hydra
 12001 | Lair:6   | Killed an eight-headed hydra
 12429 | Lair:6   | Found a staircase to the Slime Pits.
 12535 | Slime:1  | Entered Level 1 of the Pits of Slime
 12537 | Slime:1  | Noticed an acid blob
 12539 | Slime:2  | Noticed an acid blob
 12549 | Slime:3  | Noticed a death ooze
 12560 | Slime:1  | Killed a death ooze
 12561 | Slime:1  | Reached XP level 13. HP: 95/118 MP: 4/12
 12571 | Slime:1  | Noticed an acid blob
 12582 | Slime:1  | HP: 1/177 [acid (12)]
 12583 | Slime:1  | Splashed by an acid blob's acid

Illustrated notes

Levels and vault maps discovered:
D:1:      lightli_molten_gateway, layout_loops_ring
D:2:      layout_basic, serial_undead, serial_undead_b, serial_undead_c,
          serial_undead_d, serial_undead_e, serial_undead_a, serial_undead_a,
          serial_undead_c, serial_undead_d, serial_undead_a, serial_undead_d
D:3:      layout_rooms, chequers_ecumenical_altar_lobes, grunt_ministairs_6
D:4:      layout_basic, minmay_temple_entry_butterflies
D:5:      layout_loops_corners, serial_shops, nicolae_shop_stone, uniq_duvessa,
          uniq_menkaure, uniq_edmund
D:6:      layout_loops_ring, old_standard_altar, serial_shops,
          kennysheep_little_box, minmay_shop_damaged, serial_bayou_pond_d,
          uniq_prince_ribbit1
D:7:      layout_loops_cross, kennysheep_generic_room_9, uniq_maggie, uniq_pikel
D:8:      layout_cave_pods
D:9:      layout_long_grid, lair_entry_dummy, uniq_psyche
D:10:     layout_cave_pods, uniq_erica, uniq_nergalle, uniq_erolcha
D:11:     layout_irregular_city, basic_altar, tgw_sif, uniq_fannar, uniq_harold
D:12:     layout_basic, orc_0_dummy, serial_shops, statue_bzr,
          nemelex_xobeh_ov_fountains_minmay
D:13:     minmay_ambush_box, layout_cave_pools, erik_vaults_2, serial_shops,
          shop, nicolae_straight_to_the_point
Temple:   kilobyte_greek_temple
Lair:1:   layout_roguey [special_room_bee], chequers_serial_rivers_marsh
Lair:2:   layout_small_grid, minmay_shoals_entry_centaurs, st_stairs_11
Lair:3:   layout_chaotic_city, lightli_volcano_entry_magma_tube,
          beast_lair_carwin_7
Lair:4:   layout_small_grid, minmay_snake_entry_six_corridors,
          chequers_serial_rivers_micro_a, bobbens_dragon_lair_wall
Lair:5:   layout_gridlike, gammafunk_ghost_split, serial_bayou_ford_a,
          lemuel_fruit_fields
Lair:6:   cheibrodos_lair_end_hotspot, layout_misc_corridors,
          minmay_slime_entry_jelly_boxes
Slime:1:  layout_caves
Slime:2:  layout_caves
Slime:3:  layout_caves

Skill      XL: |  1  2  3  4  5  6  7  8  9 10 11 12 |
---------------+-------------------------------------+-----
Unarmed Combat | 4 5 6 7 8 9 10 11 | 11.8
Throwing       | 1 4 5 6 7 8 |  8.0
Fighting       | 3 5 |  5.0
Dodging        | 3 5 |  5.0
Shields        | 4 6 7 9 |  9.0
Armour         | 1 4 6 9 |  9.5
Stealth        | |  1.0

Action                   |  1- 3 |  4- 6 |  7- 9 | 10-12 | 13-15 || total
-------------------------+-------+-------+-------+-------+-------++-------
Melee: Unarmed           |   123 |   207 |   332 |   882 |    12 ||  1556
       Punch             |     1 |     3 |     6 |       |       ||    10
Throw: Boomerang         |       |       |     6 |    11 |       ||    17
       Large rock        |       |       |       |     7 |       ||     7
Evoke: Wand              |       |       |     3 |     1 |       ||     4
  Use: Scroll            |       |       |       |    33 |       ||    33
       Potion            |       |       |       |       |     1 ||     1
 Stab: Sleeping          |     3 |     4 |     2 |     2 |       ||    11
Armor: Robe              |    51 |    97 |    53 |       |       ||   201
       Steam dragon scal |       |       |     6 |   107 |       ||   113
       Gold dragon scale |       |       |       |   383 |     6 ||   389
Dodge: Dodged            |    79 |   124 |   126 |   230 |       ||   559
Block: Kite shield       |       |       |    38 |   469 |       ||   507
